 Dungeon Crawl Stone Soup version 0.21.1-1-g345015f (webtiles) character file.

2471 ponchio the Fighter (level 9, 0/62 HPs)
             Began as a Gargoyle Fighter on Feb 5, 2018.
             Engulfed by a cloud of freezing vapour (10 damage)
             ... on level 6 of the Dungeon.
             The game lasted 00:32:06 (6771 turns).

ponchio the Fighter (Gargoyle Fighter)              Turns: 6771, Time: 00:32:07

Health: 0/62       AC: 15    Str: 21    XL:     9   Next: 51%
Magic:  9/9        EV:  9    Int: 10    God:
Gold:   247        SH:  9    Dex: 14    Spells: 8/8 levels left

rFire    . . .     SeeInvis .   k - +3 flail (protect)
rCold    . . .     Gourm    +   c - +0 shield
rNeg     + . .     Faith    .   i - +0 ring mail
rPois    ∞         Spirit   .   o - +2 hat
rElec    +         Reflect  .   q - +0 cloak
rCorr    .         Harm     .   (no gloves)
MR       +....                  (no boots)
Stlth    +.........             w - amulet of the gourmand
HPRegen  0.20/turn              (no ring)
MPRegen  0.11/turn              (no ring)

@: no status effects
A: talons 1, agile 1, clever 1, magic resistance 1, negative energy resistance
1, electricity resistance, unbreathing, petrification resistance, rot immunity,
AC +6
a: no special abilities


You were on level 6 of the Dungeon.
You were not hungry.

You visited 1 branch of the dungeon, and saw 6 of its levels.
You also visited: Sewer and Ossuary.

You collected 247 gold pieces.

Inventory:

Hand Weapons
 k - a +3 flail of protection (weapon)
Armour
 c - a +0 shield (worn)
 i - a +0 ring mail (worn)
 o - a +2 hat (worn)
 q - a +0 cloak (worn)
Jewellery
 h - an uncursed ring of teleportation
 w - an amulet of the gourmand (around neck)
Wands
 u - a wand of polymorph (15)
 y - a wand of paralysis (13)
Scrolls
 b - a scroll of fear
 e - 5 scrolls of blinking
 g - a scroll of remove curse
 t - a scroll of teleportation
Potions
 a - a potion of invisibility {unknown}
 d - 2 potions of might
 j - 4 potions of lignification
 l - a potion of ambrosia {unknown}
 m - 3 potions of curing {unknown}
 n - a potion of berserk rage {unknown}
 p - 2 potions of magic {unknown}
 r - 3 potions of haste {unknown}
 s - 3 potions of mutation
 v - a potion of agility {unknown}
 x - a potion of degeneration {unknown}
Books
 z - a book of Air

   Spells                             Type                      Level
   a - Shock                          Conjuration/Air              1
   b - Swiftness                      Charms/Air                   2
   c - Static Discharge               Conjuration/Air              3
   d - Airstrike                      Air                          4
   e - Lightning Bolt                 Conjuration/Air              5
Comestibles
 f - 6 rations


   Skills:
 - Level 10.1 Fighting
 - Level 9.0 Maces & Flails
 - Level 3.2 Armour
 + Level 1.1 Dodging
 + Level 3.7 Shields


You had 8 spell levels left.
You didn't know any spells.

Dungeon Overview and Level Annotations

Branches:
Dungeon (6/15)
 Temple: D:4-7

Altars:
Nemelex Xobeh

Shops:
D:4 (


Innate Abilities, Weirdness & Mutations

You are resistant to torment.
Your stone body is resilient. (AC +6)
You are immune to poison.
You resist negative energy. (rN+)
You are resistant to electric shocks. (rElec)
You can survive without breathing.
You are immune to petrification.
You are immune to rotting.
You have sharp toenails.
You are agile. (Dex +2)
Your mind is acute. (Int +2)
You are resistant to hostile enchantments. (MR+)


Message History

Found a stone staircase leading up.
Found a stone staircase leading down.
Found 3 scrolls of identify.
You open the door.
Really walk into a travel-excluded area?
There is an open door here.
You are engulfed in freezing vapours.
You are engulfed in freezing vapours.
Found 14 gold pieces.
You are engulfed in freezing vapours.
You are engulfed in freezing vapours.
You are engulfed in freezing vapours.
You are engulfed in freezing vapours.
* * * LOW HITPOINT WARNING * * *
It was a potion of mutation.
You feel extremely strange.
Your toenails lengthen and sharpen.
You feel resistant to hostile enchantments.
You feel clever.
You feel agile.
You are engulfed in freezing vapours.
You die...

#.....######### #.#..##.
####.............# ####.#.....
..##.............# #..#.#.#.?.
#.##.............######....#.#<..
#.#......#.......................
.........##################8'8#..
####.....##.§§§§§§§§§§§§§§§§..#.#
.# #.....##§###################.#
.###.....##§§§§§@§§§§§§§.[$??!#..
.#...#+########################.#
.#...#+#######..................#
(#....... ...##############....
.<†...... ....# ....
†.†.........$..# ....
...............# ...............#
#.##.....


There were no monsters in sight!

Vanquished Creatures
  The ghost of ceb the Skirmisher, an amateur HOFi of Beogh (D:5)
  Prince Ribbit (D:4)
  Grinder (D:4)
  Menkaure (D:6)
  A water moccasin (D:4)
  An ice beast (D:6)
  2 centaurs (D:6)
  An ogre (D:5)
  A crocodile (Sewer)
  An elf zombie (Ossuary)
  Blork the orc (D:4)
  A scorpion (D:5)
  4 killer bees (D:4)
  A howler monkey (D:3)
  2 crimson imps
  2 centaur zombies (Ossuary)
  3 hounds
  5 human zombies (Ossuary)
  Crazy Yiuf (D:3)
  2 orc priests
  A bullfrog skeleton (D:5)
  An iguana (D:4)
  Terence (D:2)
  A worker ant (D:4)
  2 mummies (Ossuary)
  4 adders
  3 gnolls (D:2)
  A shadow imp (D:2)
  3 oozes
  An adder zombie (Ossuary)
  An adder skeleton (D:5)
  3 worms
  A dart slug (D:2)
  7 leopard geckos
  14 orcs
  10 giant cockroaches
  8 goblins
  8 hobgoblins
  7 jackals
  4 quokkas
  2 ball pythons (D:1)
  3 bats
  7 frilled lizards
  11 hobgoblin zombies (Ossuary)
  12 kobolds
  6 kobold zombies (Ossuary)
  A leopard gecko skeleton (D:5)
  10 orc zombies (Ossuary)
  9 rats
  A rat zombie (Ossuary)
176 creatures vanquished.

Notes
Turn   | Place    | Note
-------+----------+-------------------------------------------
     0 | D:1      | ponchio the Gargoyle Fighter began the quest for the Orb.
     0 | D:1      | Reached XP level 1. HP: 14/14 MP: 1/1
    33 | D:1      | Reached XP level 2. HP: 19/19 MP: 2/2
   542 | D:1      | Reached XP level 3. HP: 24/24 MP: 3/3
   546 | D:1      | Reached skill level 4 in Fighting
   796 | D:2      | Found a faded altar of an unknown god.
   922 | D:2      | Reached XP level 4. HP: 24/30 MP: 4/4
  2097 | D:3      | Reached XP level 5. HP: 30/34 MP: 5/5
  2372 | D:3      | Reached skill level 5 in Fighting
  2382 | D:3      | Noticed Terence
  2399 | D:2      | Killed Terence
  2802 | D:3      | Reached XP level 6. HP: 32/40 MP: 6/6
  2891 | D:3      | Found a runed door.
  2895 | D:3      | Noticed Crazy Yiuf
  2906 | D:3      | Killed Crazy Yiuf
  3042 | D:4      | Found Bunwesee's Antique Weapon Emporium.
  3064 | D:4      | Found a sand-covered staircase.
  3069 | Ossuary  | Entered an ossuary
  3266 | Ossuary  | Reached skill level 6 in Fighting
  3298 | Ossuary  | Reached skill level 5 in Maces & Flails
  3325 | Ossuary  | Reached XP level 7. HP: 37/47 MP: 7/7
  3589 | Ossuary  | Reached skill level 7 in Fighting
  4063 | D:4      | Noticed Grinder
  4076 | D:4      | Killed Grinder
  4076 | D:4      | Reached XP level 8. HP: 47/53 MP: 8/8
  4364 | D:4      | Noticed Blork the orc
  4370 | D:4      | Killed Blork the orc
  4488 | D:5      | Entered Level 5 of the Dungeon
  4653 | D:5      | Found a glowing drain.
  4689 | Sewer    | Entered a sewer
  4758 | Sewer    | Reached skill level 8 in Fighting
  5104 | D:5      | Noticed Prince Ribbit
  5327 | D:4      | Killed Prince Ribbit
  5610 | D:5      | Noticed ceb's ghost (amateur HOFi)
  5655 | D:4      | Reached skill level 9 in Fighting
  6077 | D:5      | Killed ceb's ghost
  6077 | D:5      | Reached XP level 9. HP: 61/61 MP: 9/9
  6099 | D:5      | Found a sparkling altar of Nemelex Xobeh.
  6576 | D:6      | Reached skill level 10 in Fighting
  6590 | D:6      | Noticed Menkaure
  6689 | D:6      | Killed Menkaure
  6721 | D:6      | Reached skill level 1 in Dodging
  6771 | D:6      | Gained mutation: You have sharp toenails. [potion of mutation]
  6771 | D:6      | Gained mutation: You are resistant to hostile enchantments. (MR+) [potion of mutation]
  6771 | D:6      | Gained mutation: Your mind is acute. (Int +2) [potion of mutation]
  6771 | D:6      | Gained mutation: You are agile. (Dex +2) [potion of mutation]
  6771 | D:6      | Engulfed by a cloud of freezing vapour

Skill      XL: |  1  2  3  4  5  6  7  8  9 |
---------------+----------------------------+-----
Fighting       | 4 5 6 7 9 10 | 10.1
Maces & Flails | 3 4 5 6 8 9 |  9.0
Dodging        | 1 |  1.1
Armour         | |  3.2
Shields        | |  3.7

Action                   |  1- 3 |  4- 6 |  7- 9 || total
-------------------------+-------+-------+-------++-------
Melee: Flail             |   120 |   321 |   382 ||   823
  Use: Scroll            |       |     7 |     5 ||    12
       Potion            |       |     1 |     3 ||     4
 Stab: Invisible         |       |     1 |       ||     1
  Eat: Chunk             |       |     4 |     7 ||    11
       Ration            |       |     1 |     2 ||     3
Armor: Scale mail        |     7 |       |       ||     7
       Ring mail         |    72 |   177 |   242 ||   491
       Skin              |       |    22 |     8 ||    30
Dodge: Dodged            |    55 |   111 |   150 ||   316
Block: Shield            |    76 |   175 |   229 ||   480
